Map: Lightshade LE

Players

ViBE - Winner!

  • Race: Zerg Zerg
  • League: Gold
  • Spawn Location: 11:00

llllllllllll

  • Race: Zerg Zerg
  • League: Gold
  • Spawn Location: 5:00

VOD

Have the link to the VOD?

Description

Time

  • Played on: March 23, 2021, 7:07 p.m.
  • Length: 11:06
Show
View Real Time Build Order
Export as new Build Order

ViBE Zerg - Winner!

Build Orders: Hatch First, Roach Hydra 

Get SALT Encoding   

  12  0:00  Drone  
  13  0:13  Overlord  
  13  0:20  Drone  
  14  0:34  Drone x2  
  16  0:50  Hatchery  
  16  0:54  Drone  
  16  0:56  Drone  
  17  1:02  Drone  
  18  1:14  Spawning Pool  
  18  1:17  Drone  
  18  1:21  Drone  
  19  1:30  Drone  
  20  1:33  Extractor  
  19  1:42  Drone  
  20  2:02  Queen  
  20  2:03  Queen  
  20  2:05  Drone x3  
  27  2:17  Drone  
  28  2:24  Overlord  
  28  2:31  Overlord  
  28  2:42  Lair  
  28  2:43  Drone x2  
  28  2:44  Drone, Queen  
  33  2:54  Overlord  
  33  2:57  Drone  
  33  2:58  Drone x2  
  36  3:07  Overlord  
  36  3:09  Drone  
  37  3:15  Drone  
  37  3:16  Drone x5  
  37  3:19  Roach Warren  
  42  3:24  Evolution Chamber  
  42  3:26  Drone x2  
  43  3:32  Evolution Chamber  
  42  3:34  Drone x2  
  44  3:43  Extractor, Drone  
  44  3:44  Drone x3, Extractor  
  44  3:47  Drone x3  
  44  3:48  Drone  
  50  3:55  Zerg Missile Weapons Level 1  
  50  4:01  Queen, Glial Reconstitution  
  52  4:17  Hatchery  
  52  4:22  Overlord  
  52  4:23  Overlord x3  
  51  4:44  Roach x2  
  51  4:45  Roach x4  
  63  4:51  Overlord  
  63  4:53  Drone  
  63  4:54  Drone x6  
  70  5:12  Roach x2  
  72  5:19  Roach x2  
  76  5:22  Queen  
  76  5:26  Roach  
  76  5:27  Roach  
  76  5:30  Roach x7  
  84  5:38  Overlord  
  84  5:39  Overlord  
  82  5:44  Queen  
  84  5:54  Drone x4  
  88  5:58  Drone x6  
  94  6:08  Drone x5  
  99  6:17  Zerg Missile Weapons Level 2  
  99  6:18  Zerg Ground Armor Level 1  
  99  6:21  Drone x4  
  99  6:22  Hydralisk Den  
  102  6:27  Extractor  
  102  6:29  Extractor  
  100  6:33  Overlord x3  
  100  6:40  Drone x3  
  100  6:42  Hatchery  
  100  6:43  Overlord x4  
  100  6:47  Extractor  
  101  6:52  Hydralisk x3, Grooved Spines  
  107  6:54  Overlord  
  107  7:04  Hydralisk x3  
  113  7:14  Drone  
  113  7:15  Drone x8  
  122  7:34  Drone x5  
  127  7:42  Drone  
  127  7:44  Drone x2  
  129  7:46  Drone  
  131  7:56  Hydralisk x9, Infestation Pit  
  131  7:57  Hydralisk  
  131  7:58  Hatchery  
  149  8:03  Muscular Augments  
  149  8:12  Extractor x2  
  147  8:13  Overseer x2  
  147  8:18  Hydralisk  
  147  8:19  Hydralisk x11  
  171  8:25  Drone x4  
  175  8:37  Hive  
  175  8:44  Overlord x3  
  175  8:45  Overlord x2  
  175  9:06  Hydralisk  
  175  9:07  Hydralisk x8  
  193  9:31  Hydralisk x3  
  193  9:32  Hydralisk  
  175  9:44  Hydralisk x12  
  189  9:59  Hydralisk  
  187  10:00  Hydralisk x5  
  199  10:11  Lurker Den  
  200  10:50  Overseer x2  
  190  11:01  Hatchery  
Show
View Real Time Build Order
Export as new Build Order

llllllllllll Zerg 

Build Orders: Hatch First, Lurkers 

Get SALT Encoding   

  12  0:00  Drone  
  13  0:08  Drone  
  14  0:25  Extractor  
  14  0:26  Extractor, Drone  
  14  0:27  Drone  
  16  0:32  Overlord  
  16  0:57  Hatchery  
  16  0:58  Drone x2  
  16  0:59  Drone  
  18  1:16  Extractor  
  17  1:19  Spawning Pool  
  17  1:21  Drone x2  
  18  1:32  Drone  
  19  1:43  Drone  
  20  2:01  Overlord  
  20  2:06  Queen  
  22  2:09  Queen  
  22  2:13  Drone  
  22  2:14  Drone  
  26  2:28  Drone  
  26  2:29  Drone x2  
  29  2:34  Drone  
  30  2:41  Overlord  
  30  2:43  Queen  
  32  2:45  Queen  
  34  2:59  Drone x2  
  36  3:09  Drone, Overlord  
  36  3:10  Drone x2  
  39  3:15  Roach Warren  
  38  3:32  Drone x7  
  45  3:42  Overlord  
  45  3:49  Lair  
  45  3:58  Evolution Chamber, Roach  
  45  3:59  Roach x3  
  45  4:02  Roach  
  54  4:03  Overlord, Roach x3  
  60  4:21  Extractor  
  60  4:22  Overlord  
  60  4:23  Extractor  
  60  4:24  Drone x3, Extractor  
  60  4:38  Overlord, Roach  
  62  4:51  Hatchery  
  61  5:00  Glial Reconstitution  
  61  5:17  Hydralisk Den  
  58  5:33  Ravager  
  58  5:34  Ravager x2  
  57  5:39  Overlord  
  57  5:40  Drone, Overlord  
  57  5:41  Drone x11  
  67  6:02  Hatchery  
  67  6:03  Grooved Spines  
  66  6:05  Hatchery  
  66  6:10  Pneumatized Carapace  
  67  6:25  Zerg Missile Weapons Level 1  
  67  6:27  Evolution Chamber  
  67  6:32  Evolution Chamber  
  65  6:39  Queen  
  63  6:41  Overlord x2  
  63  6:44  Drone x4  
  63  6:45  Drone x10  
  79  7:06  Lurker Den  
  78  7:09  Spore Crawler  
  78  7:13  Spine Crawler  
  78  7:14  Muscular Augments  
  78  7:15  Spine Crawler  
  75  7:19  Hydralisk x5  
  75  7:20  Extractor  
  84  7:25  Extractor  
  83  7:43  Hydralisk x9  
  97  7:48  Zerg Ground Armor Level 1  
  101  7:57  Overlord  
  101  7:58  Drone x5  
  106  8:06  Ravager x2  
  106  8:11  Overseer x2  
  108  8:22  Zerg Missile Weapons Level 2  
  108  8:25  Lurker  
  108  8:26  Lurker x3  
  112  8:29  Drone  
  112  8:30  Drone x7  
  120  8:47  Hydralisk, Overlord x2  
  120  8:48  Hydralisk x4  
  130  9:00  Hatchery  
  129  9:22  Hydralisk x7  
  129  9:23  Hydralisk x3  
  149  9:29  Overseer x2  
  147  9:36  Hydralisk x5  
  147  9:37  Hydralisk  
  125  9:46  Lurker x2  
  125  9:51  Overlord x4  
  125  10:07  Overlord x2  
  125  10:08  Overlord x2  
  125  10:13  Overseer x2  
  125  10:35  Hydralisk x7  
  127  10:36  Extractor  
  127  10:39  Extractor, Spine Crawler  
  127  10:42  Spine Crawler  
Tags
 
League
GoldGold
Matchup
ZvZ
Player
ViBE
Race
Zerg
Replay Pack
Gold_League
Spawn Locations
Cross Positions
Add a new tag
Caveats
  • Supply blocks, unpowered buildings, or Contaminate may cause inaccurate times.
  • Supply counts are checked every 10 seconds.